 Dungeon Crawl Stone Soup version 0.32-a0-876-gcfddb08 (webtiles) character file.

Game seed: 4449332242840968769

270 Blackhawk the Covered (level 6, -1/39 HPs)
             Began as a Gargoyle Fighter on Dec 4, 2023.
             Incinerated by a bombardier beetle (2 damage)
             ... with a burning spray
             ... on level 4 of the Dungeon on Apr 1, 2024.
             The game lasted 00:04:16 (1895 turns).

Blackhawk the Covered (Gargoyle Fighter)            Turns: 1895, Time: 00:04:17

Health: -1/39      AC: 14    Str: 21    XL:     6   Next: 22%
Magic:  6/6        EV:  7    Int:  9    God:
Gold:   154        SH:  4    Dex:  9    Spells: 5/5 levels left

rFire   . . .        a - +0 war axe
rCold   . . .        c - +0 buckler
rNeg    + . .        k - +0 chain mail
rPois   ∞            (no helmet)
rElec   +            (no cloak)
rCorr   +            (no gloves)
SInv    .            (no boots)
Will    .....        l - amulet of regeneration Stlth
                     q - ring of resist corrosion
HPRegen 1.06/turn    (no ring)
MPRegen 0.10/turn

%: no passive effects
@: on fire, glowing
A: sickness immunity, AC +4, negative energy resistance 1, electricity
resistance, torment resistance 1, petrification resistance
a: no special abilities


You were on level 4 of the Dungeon.
You visited 1 branch of the dungeon, and saw 4 of its levels.

You collected 154 gold pieces.

Inventory:

Hand Weapons
 a - a +0 war axe (weapon)
Armour
 b - a +0 scale mail
 c - a +0 buckler (worn)
 k - a +0 chain mail (worn)
Jewellery
 l - an amulet of regeneration (around neck)
 q - a ring of resist corrosion (left hand)
Scrolls
 h - 4 scrolls of identify {unknown}
 j - 3 scrolls of fog {unknown}
 o - 2 scrolls of vulnerability {unknown}
 p - a scroll of enchant armour {unknown}
 t - a scroll of fear {unknown}
Potions
 d - a potion of might
 e - a potion of berserk rage {unknown}
 f - a potion of attraction {unknown}
 g - 2 potions of degeneration {unknown}
 i - a potion of heal wounds {unknown}
 m - a potion of resistance {unknown}
 n - a potion of curing {unknown}
 r - a potion of mutation {unknown}
 s - a potion of invisibility {unknown}
 u - a potion of cancellation {unknown}


   Skills:
 + Level 4.6 Fighting
 + Level 3.1 Axes
 + Level 4.7 Armour
 + Level 4.6 Shields


You had 5 spell levels left.
You didn't know any spells.
Your spell library was empty.

Dungeon Overview and Level Annotations

Branches:
Dungeon (4/15)
 Temple: D:4-7

Altars:
Xom


Innate Abilities, Weirdness & Mutations

You are immune to sickness and miasma.
Your stone body is resilient. (AC +4)
You are immune to poison.
You resist negative energy. (rN+)
You are resistant to electric shocks. (rElec)
You are resistant to unholy torment.
You are immune to petrification.


Message History

You block the gnoll's attack. The gnoll closely misses you.
The bombardier beetle sprays incendiary fluid at you.
You block the burning spray. The gnoll hits you but does no damage.
The gnoll hits you from afar with a +0 spear.
The gnoll hits you with a +0 club. The phantom closely misses you.
You are too injured to fight recklessly!
You are too injured to fight recklessly!
You are too injured to fight recklessly!
You are too injured to fight recklessly!
You are too injured to fight recklessly!
You are too injured to fight recklessly!
You are too injured to fight recklessly!
You slash the bombardier beetle!
The bombardier beetle is heavily wounded.
You barely miss the phantom. You hit the gnoll but do no damage.
You closely miss the gnoll. You block the phantom's attack.
The gnoll barely misses you. The gnoll closely misses you.
The gnoll hits you but does no damage. The bombardier beetle bites you.
You slash the bombardier beetle!
The bombardier beetle is almost dead.
You hit the phantom.
You hit the gnoll. x2; You block the phantom's attack.
The gnoll barely misses you. The gnoll hits you but does no damage.
The gnoll hits you with a +0 club.
The bombardier beetle sprays incendiary fluid at you.
The burning spray hits you.
You are covered in liquid fire!
You block the gnoll's attack. The phantom hits you.
The phantom blinks!
You blink.
The gnoll closely misses you.
You hit the gnoll but do no damage.
The gnoll is moderately wounded.
You closely miss the phantom. You barely miss the bombardier beetle.
The liquid fire burns you!
* * * LOW HITPOINT WARNING * * *
The phantom hits you but does no damage.
The gnoll hits you from afar with a +0 spear!
* * * LOW HITPOINT WARNING * * *
The bombardier beetle closely misses you.
You shake off some of the fire as you move.
The liquid fire burns you!
You die...

...>)###..###..#
..........#
##.##
......###.#
#..###
.....#....#
##...#
...###†####
####.#####
.##....#
#...$....#
.##.####
#........# ###.#
#...gg...# ###.#
#.W@B....# ....#
#..g.)...# #####
#...$....# #
#........# #
#........# #
####.##### #.#
#.# #.#


You could see a phantom, a bombardier beetle and 3 gnolls.

Vanquished Creatures
  A scorpion (D:4)
  An iguana (D:4)
  Natasha (D:3)
  8 adders
  A gnoll (D:4)
  5 dart slugs
  7 endoplasms
  6 giant cockroaches
  5 goblins
  7 hobgoblins
  7 jackals
  4 kobolds
  3 quokkas
  5 ball pythons
  5 bats
  3 frilled lizards
  5 rats (D:2)
74 creatures vanquished.

Notes
Turn   | Place    | Note
-------+----------+-------------------------------------------
     0 | D:1      | Blackhawk the Gargoyle Fighter began the quest for the Orb.
     0 | D:1      | Reached XP level 1. HP: 14/14 MP: 1/1
    37 | D:1      | Upgraded the game from 0.31-a0-1119-gf6f8548 to
                  | 0.32-a0-876-gcfddb08
   196 | D:1      | Reached XP level 2. HP: 19/19 MP: 2/2
   206 | D:1      | Found a faded altar of an unknown god.
   723 | D:2      | Reached XP level 3. HP: 24/24 MP: 3/3
   804 | D:2      | Reached XP level 4. HP: 29/29 MP: 4/4
  1187 | D:3      | Reached XP level 5. HP: 33/33 MP: 5/5
  1212 | D:3      | Noticed Natasha
  1222 | D:3      | Killed Natasha
  1253 | D:3      | Found a shimmering altar of Xom.
  1779 | D:4      | Reached XP level 6. HP: 38/39 MP: 6/6
  1894 | D:4      | HP: 1/39 [gnoll/+0 spear (8)]
  1895 | D:4      | Incinerated by a bombardier beetle

Illustrated notes

Levels and vault maps discovered:
D:1:      ncdulo_halloftheorcs, layout_rooms,
          dreamdust_ecumenical_altar_sealed_demon, chequers_arboretum
D:2:      layout_rooms, st_stairs_5
D:3:      layout_basic, mainiacjoe_overflow_cross_hatched, uniq_natasha
D:4:      layout_rooms, uniq_crazy_yiuf_cottage

Skill      XL: |  1  2  3  4  5 |
---------------+----------------+-----
Axes           | 2 3 |  3.1
Armour         | 4 |  4.7
Shields        | 4 |  4.6
Fighting       | 4 |  4.6

Action                     |  1- 3 |  4- 6 || total
---------------------------+-------+-------++-------
  Melee: War axe           |    87 |   149 ||   236
 Armour: Scale mail        |    34 |       ||    34
         Chain mail        |    50 |   161 ||   211
  Dodge: Dodged            |    42 |    81 ||   123
  Block: Buckler           |    22 |    43 ||    65

Table legend: (Time is in decaauts)
 A = Elapsed time spent in this place.
 B = Non-inter-level travel time spent in this place.
 C = Inter-level travel time spent in this place.
 D = Time resting spent in this place.
 E = Time spent auto-exploring this place.
 F = Levels seen in this place.
 G = Mean time per level.
                   A        B        C        D        E       F      G
               +--------+--------+--------+--------+--------+-----+--------+
         Total |   1991 |   1925 |     66 |      0 |   1382 |   4 |  497.8 |
       Dungeon |   1991 |   1925 |     66 |      0 |   1382 |   4 |  497.8 |
               +--------+--------+--------+--------+--------+-----+--------+

Top non-repeatable levels by time:
     D:1: 667 daAuts
     D:3: 611 daAuts
     D:2: 563 daAuts
     D:4: 149 daAuts
